 Dungeon Crawl Stone Soup version 0.29.1-2-gbd0b4ee654 (webtiles) character file.

Game seed: 13779367295052691325

67771 LustLizard the Skirmisher (level 14, 0/63 HPs)
             Began as a Spriggan Hunter on Nov 29, 2022.
             Was the Champion of Hepliaklqana.
             Slain by a cyan ugly thing (15 damage)
             ... in an ice cave.
             The game lasted 01:23:24 (25203 turns).

LustLizard the Skirmisher (Spriggan Hunter)        Turns: 25203, Time: 01:23:25

Health: 0/63       AC:  8    Str:  7    XL:     14   Next: 84%
Magic:  14/22      EV: 36    Int: 18    God:    Hepliaklqana [******]
Gold:   993        SH:  0    Dex: 23    Spells: 8/23 levels left

rFire   x . .      SeeInvis +   w - +3 shortbow (flame)
rCold   + . .      Faith    .   (shield currently unavailable)
rNeg    . . .      Spirit   .   A - +2 robe {Will+}
rPois   +          Reflect  .   d - +1 hat
rElec   .          Harm     .   Q - +2 cloak {rPois}
rCorr   .          Rampage  .   (gloves unavailable)
Will    +++..                   (boots unavailable)
Stlth   ++........              W - amulet of magic regeneration
HPRegen 0.20/turn               G - ring of ice
MPRegen 0.58/turn               H - ring of the Centipede {EV+4 Int+7}

@: frozen, contaminated, glowing, studying Unarmed Combat, quick
A: reduced essence, very small, no large weapons, unfitting armour, see
invisible, speed 3
a: Renounce Religion, Recall Ancestor, Ancestor Identity, Transference, Idealise


You were in an ice cave.
You worshipped Hepliaklqana.
Hepliaklqana was exalted by your worship.
You visited 3 branches of the dungeon, and saw 20 of its levels.
You also visited: Gauntlet and Ice Cave.

You collected 1627 gold pieces.
You spent 634 gold pieces at shops.

Inventory:

Hand Weapons
 a - a +0 shortbow
 w - a +3 shortbow of flaming (weapon)
Missiles
 t - 23 poisoned darts
 z - 2 throwing nets
Armour
 d - a +1 hat (worn)
 s - a +1 robe of fire resistance
 A - a +2 robe of willpower (worn)
 J - +0 acid dragon scales
 Q - a +2 cloak of poison resistance (worn)
 R - a +0 troll leather armour
Jewellery
 m - a ring of poison resistance
 y - a ring of protection from fire
 G - a ring of ice (left hand)
 H - the ring of the Centipede (right hand) {EV+4 Int+7}
   (You bought it in a shop on level 11 of the Dungeon)

   [ring of evasion]

   EV:        It affects your evasion (+4).
   Int:       It affects your intelligence (+7).
 W - an amulet of magic regeneration (around neck)
Wands
 r - a wand of mindburst (10)
 u - a wand of iceblast (31)
 S - a wand of flame (13)
 T - a wand of polymorph (8)
Scrolls
 b - 5 scrolls of immolation
 c - 2 scrolls of fear {unknown}
 f - 6 scrolls of fog
 g - 10 scrolls of teleportation
 h - 2 scrolls of amnesia {unknown}
 i - 4 scrolls of blinking
 n - 3 scrolls of brand weapon {unknown}
 p - 3 scrolls of enchant armour
 q - 4 scrolls of enchant weapon
 x - 4 scrolls of noise
 C - a scroll of torment
 D - 4 scrolls of magic mapping
 E - 2 scrolls of vulnerability
 I - 2 scrolls of poison
 O - a scroll of summoning
Potions
 e - 3 potions of might
 j - 5 potions of mutation
 k - 4 potions of haste
 l - 12 potions of curing
 o - 4 potions of brilliance
 v - a potion of heal wounds
 B - a potion of invisibility
 F - 5 potions of resistance
 K - 2 potions of berserk rage
 L - 6 potions of flight
 M - a potion of cancellation
 N - 2 potions of attraction
 P - a potion of magic
 U - a potion of lignification {unknown}
 V - a potion of ambrosia


   Skills:
 - Level 6.9 Fighting
 + Level 14.5 Ranged Weapons
 - Level 14.4 Dodging
 - Level 11.3 Stealth
 - Level 5.2 Spellcasting
 - Level 5.4 Conjurations
 - Level 2.9 Hexes
 - Level 3.5 Translocations
 + Level 13.1 Transmutations
 - Level 1.0 Fire Magic
 * Level 4.3 Poison Magic
 - Level 6.7 Invocations
 - Level 8.0 Evocations


You had 8 spell levels left.
You knew the following spells:

 Your Spells              Type           Power      Damage    Failure   Level
a - Foxfire               Conj/Fire      64%        2x1d7     3%          1
b - Irradiate             Conj/Tmut      19%        3d18      8%          5
c - Portal Projectile     Hex/Tloc       32%        N/A       11%         3
d - Eringya's Noxious Bo  Tmut/Pois      18%        N/A       50%         6

Your spell library contained the following spells:

 Spells                   Type           Power      Damage    Failure   Level
 Spider Form              Tmut/Pois      36%        N/A       1%          3
 Blade Hands              Tmut           25%        N/A       1%          5
 Apportation              Tloc           34%        N/A       3%          1
 Alistair's Intoxication  Tmut/Pois      24%        N/A       10%         5
 Ensorcelled Hibernation  Hex/Ice        30%        N/A       11%         2
 Tukima's Dance           Hex            15%        N/A       12%         3
 Iskenderun's Mystic Bla  Conj/Tloc      20%        2d6       21%         4
 Summon Guardian Golem    Hex/Summ       10%        N/A       22%         3
 Fulminant Prism          Conj/Hex       9%         3d7       24%         4
 Call Canine Familiar     Summ           4%         N/A       36%         3
 Ozocubu's Armour         Ice            7%         N/A       36%         3
 Dragon Form              Tmut           25%        N/A       45%         7
 Anguish                  Hex/Necr       5%         N/A       56%         4
 Leda's Liquefaction      Hex/Erth       5%         N/A       56%         4
 Fireball                 Conj/Fire      8%         3d6       67%         5
 Summon Ice Beast         Ice/Summ       7%         N/A       78%         4
 Statue Form              Tmut/Erth      18%        N/A       80%         6
 Summon Forest            Summ/Tloc      5%         N/A       87%         5
 Summon Mana Viper        Hex/Summ       10%        N/A       89%         5
 Lee's Rapid Deconstruct  Erth           2%         3d5*      98%         5
 Starburst                Conj/Fire      8%         6d4       99%         6
 Monstrous Menagerie      Summ           2%         N/A       100%        7
 Ozocubu's Refrigeration  Ice            3%         4d8       100%        7
 Summon Hydra             Summ           2%         N/A       100%        7
 Ignition                 Fire           4%         3d4       100%        8
 Summon Horrible Things   Summ           2%         N/A       100%        8


Dungeon Overview and Level Annotations

Branches:
Dungeon (14/15)            Temple (1/1) D:6            Lair (5/5) D:8
  Swamp (0/4) Lair:3       Spider (0/4) Lair:2        Slime (0/5) Lair:5
    Orc (0/2) D:12          IceCv (1/1)             Gauntlet (visited)
 Vaults: D:13-14

Altars:
Ashenzari
Cheibriados
Dithmenos
Elyvilon
Fedhas
Gozag
Hepliaklqana
Kikubaaqudgha
Makhleb
Nemelex Xobeh
Okawaru
Qazlal
Ru
Sif Muna
Trog
Uskayaw
Vehumet
Wu Jian
Xom
Yredelemnul
Zin
The Shining One
Jiyva

Shops:
D:9 [   D:11 =

Annotations:
D:12 2 transporters, Keavylur's ghost, journeyman DsHW
Lair:2 exclusions: killer bee, meliai and water moccasin, Erica, Fannar


Innate Abilities, Weirdness & Mutations

Your life essence is reduced to manifest your ancestor. (-10% HP)
You are very small and have problems with some larger weapons.
You are too small for most types of armour.
You have supernaturally acute eyesight. (SInv)
You cover ground extremely quickly. (Speed+++)


Message History

The arrow burns the polar bear.
You kill the polar bear!
Fire: w) +3 shortbow (flame)
Press: ? - help, Q - select action, (/) - cycle Shift-Dir - straight line, f - rime drake
Aim: a rime drake (69% to hit)
You shoot an arrow. The arrow hits the rime drake!
The arrow burns the rime drake.
The rime drake is moderately wounded.
Fire: w) +3 shortbow (flame)
Press: ? - help, Q - select action, (/) - cycle Shift-Dir - straight line, f/p - rime drake
Aim: a rime drake (moderately wounded, 69% to hit)
You shoot an arrow.
The arrow closely misses the rime drake.
Unknown command.
Fire: w) +3 shortbow (flame)
Press: ? - help, Q - select action, (/) - cycle Shift-Dir - straight line, f/p - rime drake
Aim: a rime drake (moderately wounded, 69% to hit)
You shoot an arrow. The arrow hits the rime drake!
The arrow burns the rime drake.
The rime drake is heavily wounded.
The rime drake barely misses you.
Fire: w) +3 shortbow (flame)
Press: ? - help, Q - select action, (/) - cycle Shift-Dir - straight line, f - cyan ugly thing, p - rime drake
Aim: a cyan ugly thing (almost dead, 74% to hit)
You shoot an arrow.
The arrow hits the cyan ugly thing but does no damage.
The cyan ugly thing is almost dead.
The rime drake breathes ice at you. The flash freeze hits you!!
You partially resist.
You are encased in ice.
The cyan ugly thing closely misses you.
Fire: w) +3 shortbow (flame)
Press: ? - help, Q - select action, (/) - cycle Shift-Dir - straight line, f/p - cyan ugly thing
Aim: a cyan ugly thing (almost dead, 74% to hit)
Okay, then.
The cyan ugly thing attacks as you move away!
The cyan ugly thing kicks you.
* * * LOW HITPOINT WARNING * * *
The cyan ugly thing shocks you!
You die...

#####
##..∩#
#∩..##
#..@.# .
#.uk## ..
##.k##
#...
#...#
...#
#..##k..#
#......#
##..k###
#####


You could see a cyan ugly thing and 2 rime drakes.

Vanquished Creatures
  A great orb of eyes (D:13)
  2 boulder beetles
  4 hydras
  2 two-headed ogres
  3 centaur warriors (D:13)
  A tengu warrior (D:13)
  3 death yaks (Lair:5)
  3 skeletal warriors (D:13)
  A harpy (shapeshifter) (D:14)
  A deep elf pyromancer (D:13)
  2 manticores (D:13)
  4 ugly things
  5 cyclopes
  A molten gargoyle (Lair:5)
  4 elephants
  2 black mambas (Lair:5)
  4 cane toads
  A gargoyle (D:13)
  10 komodo dragons
  A rime drake (Lair:4)
  A tengu conjurer (D:13)
  A troll (D:12)
  A tyrant leech (Lair:3)
  2 polar bears (IceCv)
  8 blink frogs
  A hornet (shapeshifter) (D:13)
  7 dream sheep
  3 slime creatures (D:13)
  Sigmund (D:3)
  A shadow (D:12)
  16 yaks
  5 wyverns
  A wraith (D:13)
  3 basilisks
  A steam dragon (Lair:5)
  A redback (D:13)
  An acid dragon (D:12)
  A hell hound (Lair:5)
  2 water moccasins
  4 orc warriors
  2 black bears (D:5)
  2 ice beasts
  A sky beast (D:7)
  2 centaurs
  5 wolves
  2 ogres
  A kobold brigand (D:10)
  5 bullfrogs
  3 scorpions
  A wight (D:9)
  7 killer bees (D:9)
  3 howler monkeys
  4 lava snakes (Lair:5)
  Crazy Yiuf (D:7)
  6 orc priests
  4 hounds
  4 iguanas
  10 orc wizards
  A boggart simulacrum (D:14)
  Robin (D:4)
  4 gnolls (D:13)
  5 adders
  A worm (D:7)
  42 orcs
  3 ball pythons (D:1)
  4 endoplasms
  15 goblins
  3 hobgoblins
  14 jackals
  2 quokkas
  4 bats
  4 frilled lizards
  11 kobolds
  4 rats
297 creatures vanquished.

Vanquished Creatures (collateral kills)
  A minotaur (Gauntlet)
  A fire dragon (Lair:5)
  A hydra (Lair:4)
  A hell beast (Gauntlet)
  A boulder beetle (Lair:5)
  A two-headed ogre (D:12)
  3 death yaks (Lair:5)
  2 tengu warriors (D:14)
  A fire crab (Lair:5)
  An orc knight (D:13)
  A wolf spider (D:9)
  7 ugly things
  A manticore (D:12)
  6 elephants
  Maurice (D:8)
  A black mamba (Lair:1)
  A molten gargoyle (Lair:5)
  6 cane toads
  An unseen horror (D:9)
  2 gargoyles
  A kobold demonologist (D:9)
  5 komodo dragons
  2 rime drakes
  An efreet (D:9)
  2 polar bears
  2 trolls
  9 blink frogs
  3 hornets (D:9)
  3 slime creatures
  9 dream sheep
  3 vampires
  A shadow (D:9)
  A wraith (D:9)
  A wyvern (Lair:3)
  17 yaks
  4 basilisks
  4 hell hounds
  7 water moccasins
  2 acid dragons
  An ice beast (D:8)
  2 black bears
  4 orc warriors
  An ogre (D:7)
  5 wolves
  2 centaurs (D:9)
  3 kobold brigands
  7 bullfrogs
  A scorpion (D:5)
  2 gnoll sergeants
  A wight (D:9)
  6 killer bees
  2 howler monkeys
  A lava snake (Lair:5)
  6 orc priests
  A jelly (D:6)
  An iguana (D:4)
  5 orc wizards
  A gnoll (D:13)
  5 orcs
  6 kobolds
  A butterfly (Lair:3)
181 creatures vanquished.

Vanquished Creatures (others)
  A centaur simulacrum (D:9)
  33 battlemagi
  2 ancestors
  A bush (Lair:1)
  4 demonic plants (Gauntlet)
  14 foxfires (D:8)
  28 fungi
  36 plants
  5 toadstools (D:5)
124 creatures vanquished.

Grand Total: 602 creatures vanquished

Notes
Turn   | Place    | Note
-------+----------+-------------------------------------------
     0 | D:1      | LustLizard the Spriggan Hunter began the quest for the Orb.
     0 | D:1      | Reached XP level 1. HP: 10/10 MP: 2/2
   155 | D:1      | Reached XP level 2. HP: 8/14 MP: 3/3
  1286 | D:2      | Found a faded altar of an unknown god.
  1296 | D:2      | Got Plato's Vademecum on Embers and Blasting
  1320 | D:2      | Learned a level 1 spell: Foxfire
  1685 | D:3      | Noticed Sigmund
  1721 | D:3      | Reached XP level 3. HP: 18/18 MP: 4/4
  2014 | D:3      | You fall into a shaft and drop 3 floors!
  2042 | D:6      | Found a staircase to the Ecumenical Temple.
  2053 | Temple   | Entered the Ecumenical Temple
  2238 | Temple   | Became a worshipper of Hepliaklqana the Forgotten
  2337 | D:5      | Entered Level 5 of the Dungeon
  2337 | D:5      | Noticed an ogre
  2544 | D:4      | Noticed Robin
  2550 | D:4      | Killed Robin
  2551 | D:4      | Reached skill level 1 in Conjurations
  2551 | D:4      | Reached skill level 1 in Fire Magic
  2551 | D:4      | Reached XP level 4. HP: 16/22 MP: 5/5
  3017 | D:4      | Reached skill level 5 in Ranged Weapons
  3194 | D:3      | Reached * piety under Hepliaklqana
  3407 | D:4      | Reached skill level 1 in Spellcasting
  3407 | D:4      | Reached XP level 5. HP: 22/22 MP: 7/7
  4124 | D:4      | Reached XP level 6. HP: 27/27 MP: 10/10
  4317 | D:4      | Reached skill level 5 in Stealth
  4513 | D:3      | Killed Sigmund
  4832 | D:5      | Reached XP level 7. HP: 13/29 MP: 11/11
  5209 | D:5      | Reached XP level 8. HP: 33/33 MP: 12/12
  5618 | D:6      | Reached skill level 1 in Evocations
  5714 | D:6      | Reached ** piety under Hepliaklqana
  5719 | D:6      | Remembered your ancestor Ealdgyð as a battlemage
  6066 | D:7      | Found a snail-covered altar of Cheibriados.
  6117 | D:7      | Found an iron altar of Okawaru.
  6126 | D:7      | Found a shadowy altar of Dithmenos.
  6139 | D:7      | Reached skill level 5 in Evocations
  6163 | D:7      | Reached skill level 10 in Ranged Weapons
  6541 | D:7      | Found a runed translucent door.
  6542 | D:7      | Noticed Crazy Yiuf
  6689 | D:7      | Killed Crazy Yiuf
  6690 | D:7      | Reached XP level 9. HP: 36/36 MP: 13/13
  6783 | D:8      | Noticed Maurice
  6938 | D:8      | Killed Maurice
  7048 | D:8      | Identified the +5 ring mail "Urerr" {MP+9}
  7148 | D:8      | Identified the +1 leather armour of Recklessness {*Corrode
                  | rF+ Regen+ Str+2}
  7675 | D:8      | Found a staircase to the Lair.
  7676 | D:8      | Noticed a komodo dragon
  7706 | D:8      | Killed a komodo dragon
  8424 | D:9      | Reached XP level 10. HP: 41/41 MP: 14/14
  8591 | D:9      | Reached *** piety under Hepliaklqana
  8857 | D:9      | Noticed a smoke demon
  8907 | D:9      | Learned a level 5 spell: Irradiate
  8946 | D:9      | Reached skill level 1 in Transmutations
  8988 | D:9      | Reached skill level 5 in Dodging
  9032 | D:9      | Found Beuffod's Armour Boutique.
  9391 | D:9      | Noticed a centaur warrior
  9606 | D:10     | Entered Level 10 of the Dungeon
  9632 | D:10     | Found a shimmering altar of Xom.
  9930 | D:10     | Reached XP level 11. HP: 47/47 MP: 12/15
 10043 | D:10     | Found a radiant altar of Vehumet.
 10118 | D:10     | Found an ancient bone altar of Kikubaaqudgha.
 10329 | D:10     | Reached **** piety under Hepliaklqana
 10704 | D:11     | Found Sira Suo's Jewellery Shoppe.
 10711 | D:11     | Bought the ring of the Centipede {EV+4 Int+7} for 634 gold
                  | pieces
 11500 | D:9      | Noticed a two-headed ogre
 11501 | D:9      | Noticed a boulder beetle
 11508 | D:9      | Killed a two-headed ogre
 11509 | D:9      | Reached skill level 5 in Transmutations
 11856 | D:9      | Killed a boulder beetle
 11920 | D:9      | Noticed a wolf spider
 12084 | Lair:1   | Entered Level 1 of the Lair of Beasts
 12195 | Lair:1   | Reached skill level 5 in Fighting
 12684 | Lair:1   | Reached XP level 12. HP: 54/54 MP: 16/16
 13117 | Lair:2   | Noticed Erica
 13199 | Lair:2   | Reached ***** piety under Hepliaklqana
 13383 | Lair:2   | Noticed Fannar
 13489 | Lair:2   | Found a hole to the Spider Nest.
 14274 | Lair:3   | Noticed a seven-headed hydra
 14309 | Lair:3   | Killed a seven-headed hydra
 14310 | Lair:3   | Reached skill level 10 in Dodging
 14488 | Lair:3   | Found a staircase to the Swamp.
 15258 | Lair:4   | Reached skill level 10 in Transmutations
 15461 | Lair:4   | Found a gate leading to a gauntlet.
 15485 | Gauntlet | Entered a Gauntlet
 15485 | Gauntlet | Found a transporter.
 15485 | Gauntlet | Found a transporter.
 15485 | Gauntlet | Found a transporter.
 15594 | Gauntlet | Found a transporter.
 15597 | Gauntlet | Found a transporter.
 15597 | Gauntlet | Found a transporter.
 15599 | Gauntlet | Noticed a hell beast
 15607 | Gauntlet | Found a transporter.
 15619 | Gauntlet | Found a transporter.
 15621 | Gauntlet | Found a transporter.
 15623 | Gauntlet | Found a large runed translucent door.
 15624 | Gauntlet | Found a large runed translucent door.
 15625 | Gauntlet | Found a large runed translucent door.
 15625 | Gauntlet | Found a large runed translucent door.
 15625 | Gauntlet | Found a runed translucent door.
 15626 | Gauntlet | Found a large runed translucent door.
 15627 | Gauntlet | Found a large runed translucent door.
 15631 | Gauntlet | Found a large runed translucent door.
 15631 | Gauntlet | Found a large runed translucent door.
 15632 | Gauntlet | Found a runed translucent gate.
 15639 | Gauntlet | Found a transporter.
 15642 | Gauntlet | Noticed a hell beast
 15651 | Gauntlet | Found a transporter.
 15651 | Gauntlet | Found a runed translucent gate.
 15652 | Gauntlet | Found a runed translucent gate.
 15653 | Gauntlet | Found a large runed translucent door.
 15653 | Gauntlet | Found a large runed translucent door.
 15654 | Gauntlet | Found a large runed translucent door.
 15655 | Gauntlet | Found a large runed translucent door.
 15664 | Gauntlet | Found a large runed translucent door.
 15664 | Gauntlet | Found a large runed translucent door.
 15664 | Gauntlet | Found a runed translucent door.
 15665 | Gauntlet | Found a large runed translucent door.
 15666 | Gauntlet | Found a large runed translucent door.
 15668 | Gauntlet | Found a transporter.
 16063 | Gauntlet | Identified the +1 hat of the Past {Harm}
 16158 | Gauntlet | Killed a hell beast
 16338 | Gauntlet | Noticed a minotaur
 16540 | Gauntlet | Killed a minotaur
 16554 | Gauntlet | Got the Cyclopedia of the Union
 17060 | Lair:4   | Noticed a five-headed hydra
 17088 | Lair:4   | Killed a five-headed hydra
 17573 | Lair:5   | Entered Level 5 of the Lair of Beasts
 17605 | Lair:5   | Reached XP level 13. HP: 58/58 MP: 19/19
 17810 | Lair:5   | Reached skill level 5 in Conjurations
 18225 | Lair:5   | Reached skill level 5 in Spellcasting
 18521 | Lair:5   | Found a viscous altar of Jiyva.
 18522 | Lair:5   | Found a staircase to the Slime Pits.
 18682 | Lair:5   | Reached skill level 1 in Invocations
 19510 | Lair:5   | Reached ****** piety under Hepliaklqana
 20136 | Lair:5   | Found a large runed translucent door.
 20137 | Lair:5   | Found a large runed translucent door.
 20140 | Lair:5   | Noticed a fire dragon
 20606 | Lair:5   | Killed a fire dragon
 21524 | D:9      | Reached XP level 14. HP: 63/63 MP: 19/22
 21633 | D:9      | Reached skill level 10 in Stealth
 22201 | D:12     | Reached skill level 5 in Invocations
 22327 | D:12     | Found a transporter.
 22328 | D:12     | Noticed a vampire knight
 22329 | D:12     | Noticed Keavylur's ghost (journeyman DsHW)
 22330 | D:12     | Found a transporter.
 22362 | D:12     | Identified the +8 morningstar of the Twisting Firefly
                  | {speed, rN+}
 22678 | D:12     | Found a staircase to the Orcish Mines.
 24001 | D:13     | Learned a level 3 spell: Portal Projectile
 24093 | D:13     | Reached skill level 1 in Translocations
 24184 | D:13     | Learned a level 6 spell: Eringya's Noxious Bog
 24282 | D:13     | Reached skill level 1 in Hexes
 24477 | D:13     | Reached skill level 1 in Poison Magic
 25111 | D:14     | Found a frozen archway.
 25163 | IceCv    | Entered an ice cave
 25203 | IceCv    | Slain by a cyan ugly thing

Illustrated notes

Levels and vault maps discovered:
D:1:      minmay_arrival_wavy_path, layout_basic, minmay_tetromino_i4
D:2:      layout_basic, shapermc_ecumenical_altar_rom_forum,
          nicolae_figureground_sparkle
D:3:      layout_loops_cross, uniq_sigmund
D:4:      nicolae_cairo_tiling_large, layout_gridville, nrook_mini_vaults,
          minmay_misc_feat_nine_boxes, uniq_robin
D:5:      layout_rooms, minmay_gold_behind_fungi, chequers_serial_rivers_micro_e
D:6:      layout_basic, minmay_temple_entry_stoned_glass,
          hangedman_decor_growths
D:7:      layout_rooms, slow_altar_1, mainiacjoe_overflow_catwalk_spiral,
          minmay_misc_feat_plants, uniq_crazy_yiuf_cottage
D:8:      minmay_goldmine, layout_basic, david_lair_shrubbed, uniq_maurice
D:9:      nzn_winding_woodlands_stair_cross [nzn_winding_woodlands_5x15_pool,
          nzn_winding_woodlands_center_diamonds,
          nzn_winding_woodlands_5x15_longhouse, nzn_winding_woodlands_5x5_three,
          nzn_winding_woodlands_5x5_default,
          nzn_winding_woodlands_5x15_sidewinder,
          nzn_winding_woodlands_center_pierced_h,
          nzn_winding_woodlands_5x15_sawtooth], layout_irregular_city,
          serial_shops, shop, minmay_librarian
D:10:     layout_irregular_city, kiku_gazebo_pond_becter,
          mainiacjoe_overflow_small_starburst, vehumet_crystals
D:11:     layout_rooms, serial_shops, nicolae_shop_trees
D:12:     layout_basic, david_orc_4, gammafunk_ghost_mausoleum
D:13:     minmay_inside_and_out, layout_small_grid, minmay_misc_feat_rugged
D:14:     layout_rooms, grunt_vaults_entry_fortified,
          portal_ice_cave_entry_ugly_swarm
Temple:   minmay_temple_bridge_d
Lair:1:   layout_big_grid, wad_woods_06, grunt_megastairs_2
Lair:2:   layout_regular_city, hellmonk_spider_entry_not_the_bees, uniq_fannar,
          uniq_erica
Lair:3:   layout_cave_pods, minmay_swamp_entry_worms, grunt_megastairs_4,
          lemuel_fruit_fields
Lair:4:   layout_cave_pods, gauntlet_entry_generic
Lair:5:   cheibrodos_lair_end_hotspot, layout_layer_cave, slime_entry_1
IceCv:    ice_cave_caverns_03

Skill      XL: |  1  2  3  4  5  6  7  8  9 10 11 12 13 14 |
---------------+-------------------------------------------+-----
Stealth        | 2 3 4 6 9 11 | 11.3
Conjurations   | 1 2 4 5 |  5.4
Fire Magic     | 1 |  1.0
Ranged Weapons | 5 6 8 10 12 13 14 | 14.5
Spellcasting   | 1 2 3 5 |  5.2
Evocations     | 6 8 |  8.0
Dodging        | 3 6 9 12 14 | 14.4
Fighting       | 3 5 6 |  6.9
Transmutations | 4 7 11 12 13 | 13.1
Invocations    | 4 6 |  6.7
Translocations | 3 |  3.5
Hexes          | 2 |  2.9
Poison Magic   | 4 |  4.3

Action                   |  1- 3 |  4- 6 |  7- 9 | 10-12 | 13-15 || total
-------------------------+-------+-------+-------+-------+-------++-------
 Fire: Shortbow          |    77 |   154 |   277 |   806 |   881 ||  2195
 Cast: Foxfire           |       |       |     7 |       |       ||     7
       Irradiate         |       |       |       |       |    28 ||    28
Invok: Recall Ancestor   |       |     2 |     6 |    25 |    25 ||    58
       Ancestor Life: Ba |       |       |     1 |       |       ||     1
       Idealise          |       |       |       |     1 |       ||     1
Evoke: Wand              |       |       |       |     7 |     5 ||    12
  Use: Scroll            |       |       |     6 |    12 |    10 ||    28
       Potion            |       |       |       |     1 |     2 ||     3
Armor: Robe              |     1 |     4 |     4 |    11 |    11 ||    31
Dodge: Dodged            |    24 |    60 |    29 |   216 |   259 ||   588
